 Dungeon Crawl Stone Soup version 0.24.0-13-gcf9b3192b9 (webtiles) character file.

Game seed: 2773987300929688252, levelgen mode: deterministic

78 sking99 the Conjurer (level 4, 0/36 HPs)
             Began as a Hill Orc Conjurer on Nov 9, 2019.
             Was an Initiate of Kikubaaqudgha.
             Slain by a vampire bat (2 damage)
             ... on level 2 of the Dungeon.
             The game lasted 00:06:45 (2715 turns).

sking99 the Conjurer (Hill Orc Conjurer)            Turns: 2715, Time: 00:06:45

Health: 0/36       AC:  4    Str: 10    XL:     4   Next: 36%
Magic:  0/7        EV: 11    Int: 16    God:    Kikubaaqudgha [......]
Gold:   47         SH:  3    Dex: 11    Spells: 4/7 levels left

rFire    . . .     SeeInvis .   (no weapon)
rCold    . . .     Gourm    .   l - +0 buckler
rNeg     . . .     Faith    .   a - +0 robe
rPois    .         Spirit   .   (no helmet)
rElec    .         Reflect  .   (no cloak)
rCorr    .         Harm     .   d - +0 pair of gloves
MR       .....                  i - +0 pair of boots
Stlth    ++........             (no amulet)
HPRegen  0.12/turn              (no ring)
MPRegen  0.10/turn              (no ring)

@: very slightly contaminated
A: no striking features
a: Renounce Religion


You were on level 2 of the Dungeon.
You worshipped Kikubaaqudgha.
Kikubaaqudgha was noncommittal.
You were not hungry.

You visited 1 branch of the dungeon, and saw 2 of its levels.

You collected 47 gold pieces.

Inventory:

Armour
 a - a +0 robe (worn)
 d - a +0 pair of gloves (worn)
 i - a +0 pair of boots (worn)
 l - a +0 buckler (worn)
Jewellery
 h - an uncursed ring of magical power {unknown}
 n - an uncursed amulet of faith {unknown}
Wands
 o - a wand of enslavement (8)
Scrolls
 f - a scroll of magic mapping {unknown}
 g - a scroll of teleportation {unknown}
 j - a scroll of blinking {unknown}
 k - a scroll of immolation {unknown}
Potions
 b - a potion of mutation {unknown}
 e - 2 potions of curing {unknown}
Comestibles
 c - 6 rations


   Skills:
 - Level 2.0 Fighting
 - Level 1.5 Dodging
 - Level 1.5 Stealth
 + Level 0.4 Shields
 + Level 2.1 Spellcasting
 * Level 4.9 Conjurations


You had 4 spell levels left.
You knew the following spells:

 Your Spells              Type           Power        Failure   Level  Hunger
a - Magic Dart            Conj           ###.         4%          1    #......
b - Searing Ray           Conj           ###...       6%          2    ###....

Your spell library contained the following spells:

 Spells                   Type           Power        Failure   Level  Hunger
 Dazzling Spray           Conj/Hex       #.....       34%         3    ###....
 Iskenderun's Mystic Bla  Conj           ###.....     38%         4    #####..
 Force Lance              Conj/Tloc      #.......     75%         4    #####..
 Fulminant Prism          Conj/Hex       #.........   75%         4    #####..


Dungeon Overview and Level Annotations

Branches:
Dungeon (2/15)

Altars:
Kikubaaqudgha


Message History

The vampire bat is almost destroyed.
The vampire bat bites you but does no damage.
The vampire bat closely misses you.
You miss the vampire bat.
The vampire bat is almost destroyed.
You block the vampire bat's attack. x2; The vampire bat bites you.
* * * LOW HITPOINT WARNING * * *
The vampire bat draws strength from your injuries!
There's a creature in the gateway!
The vampire bat bites you.
* * * LOW HITPOINT WARNING * * *
The vampire bat draws strength from your injuries!
You block the vampire bat's attack. The vampire bat bites you.
* * * LOW HITPOINT WARNING * * *
The vampire bat draws strength from your injuries!
The vampire bat barely misses you. The vampire bat bites you.
You die...
Kikubaaqudgha rasps: "You have failed me!
Welcome... death!"

#####....##...##.........#.#.
#..................##........
##.....##..###################
##......###....#
######.#.#.### #.......#
####.###...#.⌠.#.⌠.##
###.....## #.##.#.#.#.#.#.#.#
#......#####.#.⌠.#.⌠.#.⌠.#...
#............b..#.#.#.#.#.⌠.⌠
#.....##..#.@b.#.⌠.#.⌠.#..._.
#.....##.##..'..#.#b#.#.#.⌠.⌠
#.....##.#..##.⌠.#.⌠.#.⌠.#...
###........####.#.#.#.#.#.#.#
.....#### ##...#.⌠.#.⌠.##
..##### ######.#.#.## ..#
#######


You could see 2 vampire bats.

Vanquished Creatures
  An adder (D:2)
  An ooze (D:2)
  A worm (D:2)
  4 dart slugs
  2 leopard geckos
  A ball python (D:1)
  A bat skeleton (D:2)
  3 bat zombies (D:2)
  6 giant cockroaches (D:1)
  8 goblins
  2 hobgoblins
  2 jackals (D:1)
  7 bats
  3 frilled lizards
  3 kobolds (D:1)
  4 rats
49 creatures vanquished.

Notes
Turn   | Place    | Note
-------+----------+-------------------------------------------
     0 | D:1      | sking99 the Hill Orc Conjurer began the quest for the Orb.
     0 | D:1      | Reached XP level 1. HP: 14/14 MP: 3/3
   172 | D:1      | Reached XP level 2. HP: 22/22 MP: 1/4
   313 | D:1      | Learned a level 2 spell: Searing Ray
   372 | D:1      | Reached skill level 1 in Fighting
   760 | D:1      | Reached XP level 3. HP: 28/28 MP: 3/5
  2068 | D:2      | Reached XP level 4. HP: 27/36 MP: 1/7
  2669 | D:2      | Found an ancient bone altar of Kikubaaqudgha.
  2693 | D:2      | Became a worshipper of Kikubaaqudgha
  2715 | D:2      | Slain by a vampire bat

Levels and vault maps discovered:
D:1:      dpeg_chamrin_arrival_tetris, layout_basic, minmay_worlds_worst_comb
D:2:      layout_rooms, kennysheep_vampire_church, first_ration

Skill      XL: |  1  2  3 |
---------------+----------+-----
Fighting       | 1 2 |  2.0
Spellcasting   | 2 |  2.1
Dodging        | |  1.5
Stealth        | |  1.5
Shields        | |  0.4
Conjurations   | |  4.9

Action                   |  1- 3 |  4- 6 || total
-------------------------+-------+-------++-------
Melee: Unarmed           |    27 |     8 ||    35
 Cast: Magic Dart        |    89 |    46 ||   135
       Searing Ray       |     2 |       ||     2
  Eat: Chunk             |     5 |     3 ||     8
Armor: Robe              |    16 |    32 ||    48
Dodge: Dodged            |    44 |    39 ||    83
Block: Buckler           |       |    11 ||    11
